 Dungeon Crawl Stone Soup version 0.29-a0-1016-g236c7fd91e (webtiles) character file.

Game seed: 16660305471845010793

577 gelatine the Firebug (level 7, -7/48 HPs)
             Began as a Demonspawn Fire Elementalist on Aug 10, 2022.
             Mangled by Pikel
             ... wielding a +0 whip of electrocution
              (9 damage)
             ... on level 5 of the Dungeon.
             The game lasted 00:13:16 (5928 turns).

gelatine the Firebug (Demonspawn Fire Elementalist) Turns: 5928, Time: 00:13:16

Health: -7/48      AC:  4    Str:  8    XL:     7   Next: 13%
Magic:  10/12      EV: 12    Int: 19    God:
Gold:   210        SH:  0    Dex: 13    Spells: 10/13 levels left

rFire   . . .      SeeInvis .   g - +3 hand axe
rCold   . . .      Faith    .   (no shield)
rNeg    . . .      Spirit   .   a - +0 robe
rPois   .          Reflect  .   m - +0 helmet
rElec   .          Harm     .   (no cloak)
rCorr   .          Rampage  .   (no gloves)
Will    .....                   (no boots)
Stlth   ++........              (no amulet)
HPRegen 0.16/turn               (no ring)
MPRegen 0.26/turn               (no ring)

@: no status effects
A: powered by pain 2, magic regeneration, sharp scales 1
a: no special abilities


You were on level 5 of the Dungeon.
You visited 1 branch of the dungeon, and saw 5 of its levels.

You collected 210 gold pieces.

Inventory:

Hand Weapons
 g - a +3 hand axe (weapon)
 n - a +1 dagger of speed
Missiles
 b - a throwing net
 j - 2 poisoned darts
 A - 6 javelins
Armour
 a - a +0 robe (worn)
 m - a +0 helmet (worn)
Wands
 k - a wand of iceblast (7)
 s - a wand of light (18)
 w - a wand of flame (3)
 y - a wand of mindburst (7)
 B - a wand of polymorph (2)
Scrolls
 c - 2 scrolls of teleportation {unknown}
 d - 3 scrolls of amnesia {unknown}
 l - 3 scrolls of identify {unknown}
 o - a scroll of enchant weapon {unknown}
 p - a scroll of magic mapping {unknown}
 q - a scroll of blinking {unknown}
 x - 2 scrolls of fear {unknown}
Potions
 e - 2 potions of heal wounds {unknown}
 f - 5 potions of invisibility {unknown}
 h - a potion of curing {unknown}
 i - a potion of flight {unknown}
 r - 2 potions of haste {unknown}
 t - a potion of mutation {unknown}
 u - a potion of degeneration {unknown}
 v - a potion of lignification {unknown}
 z - a potion of berserk rage {unknown}


   Skills:
 + Level 1.3 Fighting
 + Level 2.1 Axes
 + Level 2.6 Dodging
 + Level 2.7 Stealth
 + Level 3.7 Spellcasting
 + Level 3.7 Conjurations
 + Level 4.1 Fire Magic


You had 10 spell levels left.
You knew the following spells:

 Your Spells              Type           Power      Damage    Failure   Level
a - Foxfire               Conj/Fire      72%        2x1d7     2%          1
b - Scorch                Fire           38%        2d7       4%          2

Your spell library contained the following spells:

 Spells                   Type           Power      Damage    Failure   Level
 Conjure Flame            Conj/Fire      18%        6-21      9%          3
 Inner Flame              Hex/Fire       11%        N/A       19%         3
 Ensorcelled Hibernation  Hex/Ice        6%         N/A       22%         2
 Passwall                 Tmut/Erth      2%         N/A       22%         2
 Flame Wave               Conj/Fire      18%        2d7       28%         4
 Confusing Touch          Hex            3%         N/A       38%         3
 Ozocubu's Armour         Ice            3%         N/A       38%         3
 Swiftness                Air            3%         N/A       38%         3
 Metabolic Englaciation   Hex/Ice        1%         N/A       98%         5
 Yara's Violent Unravell  Hex/Tmut       1%         3d3       98%         5
 Simulacrum               Ice/Necr       1%         N/A       100%        6
 Enfeeble                 Hex            1%         N/A       100%        7


Dungeon Overview and Level Annotations

Branches:
Dungeon (5/15)             Temple (0/1) D:4

Altars:

Annotations:
D:5 Pikel


Innate Abilities, Weirdness & Mutations

You sometimes gain power by taking damage.
You regenerate magic rapidly.
You are partially covered in razor-sharp scales. (AC +1, Slay +1)


Message History

Pikel is moderately wounded.
The foxfire hits Pikel but does no damage.
Pikel is moderately wounded.
Pikel hits you with a +0 whip of electrocution!
Casting: Foxfire (safe; 2% risk of failure)
Confirm with . or Enter, or press ? or * to list all spells.
You conjure some foxfire!
Pikel is no longer more vulnerable to fire.
Pikel hits you with a +0 whip of electrocution.
Unknown command.
Unknown command.
Casting: Foxfire (safe; 2% risk of failure)
Confirm with . or Enter, or press ? or * to list all spells.
Flames lash the lemure.
The lemure is burned terribly!
The lemure is heavily wounded.
The foxfire hits Pikel but does no damage.
Pikel is moderately wounded.
Pikel hits you with a +0 whip of electrocution.
You are electrocuted!
You focus on the pain.
You feel your power returning.
You hit Pikel but do no damage.
Pikel is moderately wounded.
Pikel misses you. Pikel closely misses you.
Unknown command.
Your foxfire dissipates!
Casting: Scorch (safe; 4% risk of failure)
Confirm with . or Enter, or press ? or * to list all spells.
Flames lash Pikel.
Pikel resists.
Pikel is heavily wounded.
Pikel's fire resistance burns away.
Pikel hits you but does no damage. Pikel attacks as you move away!
Pikel hits you with a +0 whip of electrocution.
You are electrocuted!
* * * LOW HITPOINT WARNING * * *
You focus on the pain.
You feel your power returning.
Casting: Scorch (safe; 4% risk of failure)
Confirm with . or Enter, or press ? or * to list all spells.
Flames lash Pikel.
Pikel is heavily wounded.
Pikel hits you with a +0 whip of electrocution!
You die...

### #.# ###.# #...#
#.#.#
#######.#.######
####.......#....@.#
...#.############K#
##.#.###... #5#
...........#.55...#
...#.###.#.#..#####
#...... .. ....####
..... ..#...


You could see Pikel (combustible) and a lemure.

Vanquished Creatures
  Sigmund (D:3)
  A phantom (D:5)
  A scorpion (D:5)
  An iguana (D:4)
  Robin (D:3)
  8 adders
  3 gnolls (D:4)
  2 ufetubi (D:4)
  A worm (D:2)
  11 dart slugs
  3 orcs (D:3)
  9 ball pythons
  7 endoplasms
  2 giant cockroaches
  15 goblins
  6 hobgoblins
  2 jackals (D:1)
  9 kobolds
  4 quokkas
  8 bats
  10 frilled lizards
  3 rats
108 creatures vanquished.

Vanquished Creatures (others)
  400 foxfires
  A fungus (D:1)
  14 plants (D:4)
415 creatures vanquished.

Grand Total: 523 creatures vanquished

Notes
Turn   | Place    | Note
-------+----------+-------------------------------------------
     0 | D:1      | gelatine the Demonspawn Fire Elementalist began the quest
                  | for the Orb.
     0 | D:1      | Reached XP level 1. HP: 13/13 MP: 3/3
   292 | D:1      | Gained mutation: You sometimes gain a little power by
                  | taking damage. [demonic ancestry]
   292 | D:1      | Reached XP level 2. HP: 18/19 MP: 1/5
   360 | D:1      | Reached skill level 3 in Fire Magic
   526 | D:1      | Found a faded altar of an unknown god.
   539 | D:1      | Got Plato's Enchiridion on Calefaction
  1268 | D:1      | Reached XP level 3. HP: 19/24 MP: 1/6
  2059 | D:2      | Reached XP level 4. HP: 31/31 MP: 3/7
  3341 | D:3      | Noticed Robin
  3365 | D:3      | Killed Robin
  3375 | D:3      | Gained mutation: You are partially covered in razor-sharp
                  | scales. (AC +1, Slay +1) [demonic ancestry]
  3375 | D:3      | Reached XP level 5. HP: 14/36 MP: 1/8
  3659 | D:3      | Noticed Sigmund
  3678 | D:3      | Killed Sigmund
  3679 | D:3      | Reached skill level 1 in Axes
  3679 | D:3      | Gained mutation: You regenerate magic rapidly. [demonic
                  | ancestry]
  3679 | D:3      | Reached XP level 6. HP: 27/42 MP: 6/10
  3813 | D:3      | Reached skill level 1 in Fighting
  4448 | D:3      | Learned a level 2 spell: Scorch
  5182 | D:4      | Found a staircase to the Ecumenical Temple.
  5617 | D:5      | Entered Level 5 of the Dungeon
  5660 | D:5      | Reached skill level 4 in Fire Magic
  5660 | D:5      | Gained mutation: You sometimes gain power by taking damage.
                  | [demonic ancestry]
  5660 | D:5      | Reached XP level 7. HP: 48/48 MP: 5/12
  5912 | D:5      | Noticed Pikel
  5927 | D:5      | HP: 2/48 [Pikel/+0 whip of electrocution (14)]
  5928 | D:5      | Mangled by Pikel

Illustrated notes

Levels and vault maps discovered:
D:1:      sevenhm_arrival_forest_fort_small_6, layout_basic,
          shapermc_ecumenical_altar_rom_forum, minmay_misc_feat_pillars
D:2:      layout_basic
D:3:      layout_loops_corners, minmay_starry_boxes, uniq_robin, uniq_sigmund
D:4:      wad_lake_hut, layout_loops_ring, minmay_temple_entry_statues,
          minmay_lizard_king
D:5:      layout_basic, kennysheep_potato, uniq_ijyb, uniq_pikel

Skill      XL: |  1  2  3  4  5  6 |
---------------+-------------------+-----
Dodging        | 2 |  2.6
Fire Magic     | 3 4 |  4.1
Stealth        | 2 |  2.7
Conjurations   | 2 3 |  3.7
Axes           | 1 2 |  2.1
Spellcasting   | 3 |  3.7
Fighting       | 1 |  1.3

Action                   |  1- 3 |  4- 6 |  7- 9 || total
-------------------------+-------+-------+-------++-------
Melee: Unarmed           |     2 |       |       ||     2
       Hand axe          |    22 |    32 |     5 ||    59
 Cast: Foxfire           |    69 |   184 |    12 ||   265
       Scorch            |       |       |     6 ||     6
  Use: Potion            |       |     1 |       ||     1
 Stab: Sleeping          |     1 |     1 |       ||     2
Armor: Robe              |    10 |    13 |     2 ||    25
Dodge: Dodged            |    41 |    36 |     8 ||    85

Table legend: (Time is in decaauts)
 A = Elapsed time spent in this place.
 B = Non-inter-level travel time spent in this place.
 C = Inter-level travel time spent in this place.
 D = Time resting spent in this place.
 E = Time spent auto-exploring this place.
 F = Levels seen in this place.
 G = Mean time per level.
                   A        B        C        D        E       F      G
               +--------+--------+--------+--------+--------+-----+--------+
         Total |   5986 |   5850 |    136 |    988 |   4036 |   5 | 1197.2 |
       Dungeon |   5986 |   5850 |    136 |    988 |   4036 |   5 | 1197.2 |
               +--------+--------+--------+--------+--------+-----+--------+

Top non-repeatable levels by time:
     D:1: 1849 daAuts
     D:3: 1519 daAuts
     D:4: 1177 daAuts
     D:2: 1128 daAuts
     D:5: 311 daAuts
